 Dungeon Crawl Stone Soup version 0.31-a0-986-g5e6e4ef867 (webtiles) character file.

Game seed: 18045492671531378208

8744 strifetoe the Severer (level 11, 92/92 HPs)
             Began as a Hill Orc Fighter on Nov 15, 2023.
             Was a Believer of Yredelemnul.
             Quit the game on level 10 of the Dungeon.
             The game lasted 00:15:51 (9721 turns).

strifetoe the Severer (Hill Orc Fighter)            Turns: 9721, Time: 00:15:51

Health: 92/92      AC: 18    Str: 24    XL:     11   Next: 35%
Magic:  11/11      EV: 13    Int:  8    God:    Yredelemnul [**....]
Gold:   674        SH:  4    Dex: 10    Spells: 10/10 levels left

rFire   . . .        a - +1 war axe (elec)
rCold   x . .        c - +0 buckler
rNeg    . . .        F - +0 plate armour
rPois   +            (no helmet)
rElec   .            r - +1 cloak
rCorr   .            (no gloves)
SInv    .            l - +2 pair of boots
Will    .....        (no amulet) Stlth
                     f - ring of poison resistance
HPRegen 0.35/turn    g - +5 ring of evasion
MPRegen 0.12/turn

%: no passive effects
@: no status effects
A: cold vulnerability 1
a: Renounce Religion, Recall Undead Harvest, Dark Bargain


You were on level 10 of the Dungeon.
You worshipped Yredelemnul.
Yredelemnul was noncommittal.
You visited 1 branch of the dungeon, and saw 10 of its levels.
You also visited: Ossuary.

You collected 674 gold pieces.

Inventory:

Hand Weapons
 a - a +1 war axe of electrocution (weapon)
 j - a +2 dagger of flaming
Armour
 b - a +0 scale mail
 c - a +0 buckler (worn)
 l - a +2 pair of boots (worn)
 r - a +1 cloak (worn)
 F - a +0 plate armour (worn)
Jewellery
 f - a ring of poison resistance (left hand)
 g - a +5 ring of evasion (right hand)
 h - a +6 ring of dexterity
 E - a ring of wizardry
Wands
 i - a wand of digging (6)
 y - a wand of polymorph (4)
 A - a wand of roots (4)
 C - a wand of flame (8)
Scrolls
 e - 4 scrolls of identify
 n - 6 scrolls of teleportation
 o - a scroll of amnesia
 p - 2 scrolls of silence
 q - 2 scrolls of noise
 u - a scroll of enchant weapon
 w - a scroll of blinking
 x - a scroll of acquirement {unknown}
 z - a scroll of fear {unknown}
 B - a scroll of poison
Potions
 d - 3 potions of might
 k - a potion of lignification
 m - 4 potions of ambrosia
 s - 2 potions of enlightenment
 t - a potion of attraction
 v - a potion of brilliance
 D - a potion of cancellation


   Skills:
 + Level 7.6 Fighting
 - Level 18.5 Axes
 + Level 6.9 Armour
 + Level 4.3 Dodging
 - Level 3.2 Shields


You had 10 spell levels left.
You didn't know any spells.
Your spell library contained the following spells:

 Spells                   Type           Power      Damage    Failure   Level
 Sublimation of Blood     Necr           0%         N/A       100%        2
 Wereblood                Tmut           0%         N/A       100%        2
 Inner Flame              Hex/Fire       0%         N/A       100%        3
 Olgreb's Toxic Radiance  Pois           0%         N/A       100%        4
 Petrify                  Tmut/Erth      0%         N/A       100%        4
 Irradiate                Conj/Tmut      0%         3d11      100%        5
 Yara's Violent Unravell  Hex/Tmut       0%         3d3       100%        5
 Enfeeble                 Hex            0%         N/A       100%        7
 Discord                  Hex            0%         N/A       100%        8
 Ignition                 Fire           0%         3d3       100%        8


Dungeon Overview and Level Annotations

Branches:
Dungeon (10/15)            Temple (0/1) D:4             Orc (0/2) D:9
Ossuary (visited)
   Lair: D:8-11

Altars:
Ashenzari
Fedhas
Gozag
Hepliaklqana
Kikubaaqudgha
Makhleb
Ru
Uskayaw
Wu Jian
Yredelemnul

Shops:
D:2 =

Annotations:
D:10 2 transporters, mandarbmax's ghost, journeyman TeSu


Innate Abilities, Weirdness & Mutations

You are vulnerable to cold. (rC-)


Message History

There are monsters nearby!
The orc wizard shouts!
There are monsters nearby!
There are monsters nearby!
No reachable target in view!
There are monsters nearby!
There are monsters nearby!
There are monsters nearby!
No reachable target in view!
You see here 25 gold pieces.
You now have 660 gold pieces (gained 25).
There are monsters nearby!
There are monsters nearby!
There are monsters nearby!
Found 14 gold pieces.
You now have enough gold to buy the ring "Esodui" {rF+ rC+ Will+ rCorr} on D:2.
You can access your shopping list by pressing '$'.
You now have 674 gold pieces (gained 14).
You can no longer trade souls for undead servants.
You can now trade souls for undead servants.
Things that are here:
a +0 dagger; a +0 robe
Things that are here:
a +0 dagger; a +0 robe The killer bee buzzes angrily.
The yak bellows!
The two-headed ogre shouts in stereo!
There is an escape hatch in the floor here.
The steam dragon hisses angrily.
The two-headed ogre shouts in stereo!
You can no longer trade souls for undead servants.
You can now trade souls for undead servants.
You barely miss the orc wizard. The orc wizard closely misses you.
You slash the orc wizard!
Lightning courses through the orc wizard!
You kill the orc wizard!
The dead are walking!
Things that are here:
a +0 dagger; a +0 robe Mandarbmax's ghost screams, "I'll kill anyone who wants the ORB!"
Are you sure you want to abandon this character and quit the game? (Confirm with "yes".)

##..)......Z..ZZ..###.##.........
....))...>..###.........#.#.#.#.#
#####.###..####..#.#.#.......####
# #.#.....#...Z............#
#.#.#.###..#Z#.#.#.......#
##.......#.#.Z............####
#........#.#..#.#.#...........
#........#.#ZZ...........>.###
##.......#o##@.............###
#.......#.#..##.####........#
#####.......#.#.###.######....#.#
......#######.#.# #.#......Z#....
.....## ......#.#...#.#####.#....
.....# #######. .#.#.......##..#
###### #. ..######..##... #.
..#..###Z.#.## ## #.#.......#...


You could see a friendly yak zombie, a friendly orc zombie, 2 friendly orc
wizard zombies and a friendly troll zombie.

Vanquished Creatures
  A two-headed ogre (D:9)
  2 tengu warriors (D:10)
  A troll (D:10)
  2 hornets (D:10)
  A wyvern (D:7)
  7 yaks (D:10)
  2 vampires
  2 steam dragons
  Menkaure (D:6)
  A vampire mosquito (D:10)
  An acid dragon (D:10)
  4 orc warriors
  4 ice beasts
  3 ogres
  6 centaurs
  A kobold brigand (D:9)
  An elf zombie (Ossuary)
  A bullfrog (D:7)
  3 scorpions
  4 wights (D:8)
  A howler monkey (D:6)
  4 human zombies (Ossuary)
  A jelly (D:3)
  2 hounds
  6 orc priests
  3 iguanas
  6 orc wizards
  2 mummies (Ossuary)
  8 gnolls
  15 adders
  3 white imps
  2 ufetubi (D:5)
  2 adder zombies (Ossuary)
  4 dart slugs
  43 orcs
  3 bats
  7 endoplasms
  3 giant cockroaches
  12 goblins
  5 hobgoblins
  5 quokkas
  10 ball pythons
  3 frilled lizards
  2 goblin zombies (Ossuary)
  8 hobgoblin zombies (Ossuary)
  2 jackal zombies (Ossuary)
  10 kobolds
  6 kobold zombies (Ossuary)
  12 orc zombies (Ossuary)
  7 rats
245 creatures vanquished.

Vanquished Creatures (collateral kills)
  The ghost of kaesle the Cleaver, a novice HOFi of Yredelemnul (D:5)
  A yak (D:10)
  A steam dragon (D:9)
  An acid dragon (D:10)
  An orc warrior (D:9)
  A bullfrog (D:8)
  A hound (D:4)
  An orc priest (D:5)
  A gnoll bouda (D:4)
  A gnoll (D:4)
  A shadow imp (D:6)
  2 orcs
  A kobold (D:3)
14 creatures vanquished.

Vanquished Creatures (others)
  A hornet zombie (D:10)
  An acid dragon zombie (D:10)
  A steam dragon zombie (D:10)
  2 gnoll zombies (D:4)
  A goblin zombie (D:4)
  12 orc zombies
18 creatures vanquished.

Grand Total: 277 creatures vanquished

Notes
Turn   | Place    | Note
-------+----------+-------------------------------------------
     0 | D:1      | strifetoe the Hill Orc Fighter began the quest for the Orb.
     0 | D:1      | Reached XP level 1. HP: 19/19 MP: 1/1
    21 | D:1      | Reached skill level 3 in Axes
    93 | D:1      | Reached XP level 2. HP: 26/26 MP: 2/2
    96 | D:1      | Reached skill level 4 in Axes
   183 | D:1      | Reached XP level 3. HP: 31/31 MP: 3/3
   521 | D:1      | Reached skill level 5 in Axes
   859 | D:2      | Reached XP level 4. HP: 39/39 MP: 4/4
  1109 | D:2      | Found a faded altar of an unknown god.
  1130 | D:2      | Prayed at the altar of an unknown god.
  1130 | D:2      | Became a worshipper of Yredelemnul the Dark
  1130 | D:2      | Reached * piety under Yredelemnul
  1142 | D:2      | Found a burning altar of Makhleb.
  1176 | D:2      | Reached skill level 6 in Axes
  1243 | D:2      | Found Bato's Jewellery Emporium.
  1881 | D:3      | Reached XP level 5. HP: 45/45 MP: 5/5
  1902 | D:3      | Reached skill level 7 in Axes
  2266 | D:3      | Reached ** piety under Yredelemnul
  2449 | D:4      | Reached skill level 8 in Axes
  2449 | D:4      | Reached XP level 6. HP: 33/51 MP: 4/6
  2464 | D:4      | Noticed an ice beast
  2555 | D:4      | Killed an ice beast
  2556 | D:4      | Reached skill level 9 in Axes
  2729 | D:4      | Reached XP level 7. HP: 39/57 MP: 7/7
  2807 | D:4      | Found a staircase to the Ecumenical Temple.
  2993 | D:4      | Reached skill level 10 in Axes
  3167 | D:4      | Found an opulent altar of Gozag.
  3232 | D:5      | Entered Level 5 of the Dungeon
  3249 | D:5      | Found a sacrificial altar of Ru.
  3277 | D:5      | Gained mutation: You are vulnerable to cold. (rC-) [potion
                  | of mutation]
  3455 | D:5      | Reached skill level 11 in Axes
  3717 | D:5      | Found a runed translucent door.
  3783 | D:5      | Noticed kaesle's ghost (novice HOFi)
  3826 | D:5      | Reached XP level 8. HP: 52/64 MP: 8/8
  3830 | D:5      | Reached *** piety under Yredelemnul
  3902 | D:5      | Reached skill level 12 in Axes
  3970 | D:5      | Reached **** piety under Yredelemnul
  4335 | D:5      | Reached ***** piety under Yredelemnul
  4469 | D:5      | Killed kaesle's ghost
  4470 | D:5      | Reached skill level 14 in Axes
  4470 | D:5      | Reached XP level 9. HP: 28/70 MP: 9/9
  4690 | D:6      | Found a broken altar of Ashenzari.
  4720 | D:6      | Reached skill level 15 in Axes
  4752 | D:6      | Found a basalt altar of Yredelemnul.
  5031 | D:6      | Noticed Menkaure
  5039 | D:6      | Killed Menkaure
  5524 | D:7      | Reached skill level 16 in Axes
  6338 | D:8      | Found a sand-covered staircase.
  6350 | D:8      | Reached skill level 17 in Axes
  6357 | Ossuary  | Entered an ossuary
  6687 | D:8      | Reached XP level 10. HP: 64/77 MP: 10/10
  6869 | D:8      | Found an ancient bone altar of Kikubaaqudgha.
  6869 | D:8      | Found a blossoming altar of Fedhas.
  7368 | D:9      | Noticed a two-headed ogre
  7377 | D:9      | Killed a two-headed ogre
  7378 | D:9      | Reached skill level 18 in Axes
  7405 | D:9      | Found a staircase to the Orcish Mines.
  7586 | D:9      | Found a hide-covered altar of Uskayaw.
  7786 | D:9      | Reached skill level 1 in Dodging
  8362 | D:9      | Found a hazy altar of Hepliaklqana.
  8586 | D:10     | Entered Level 10 of the Dungeon
  8597 | D:10     | Reached skill level 5 in Fighting
  8778 | D:10     | Noticed a tengu warrior
  8779 | D:10     | Noticed a tengu warrior
  8791 | D:10     | Killed a tengu warrior
  8792 | D:10     | Reached skill level 5 in Armour
  8815 | D:10     | Reached XP level 11. HP: 18/89 MP: 11/11
  8817 | D:10     | Killed a tengu warrior
  9470 | D:10     | Found an ornate altar of the Wu Jian Council.
  9550 | D:10     | Noticed a two-headed ogre
  9551 | D:10     | Noticed mandarbmax's ghost (journeyman TeSu)
  9569 | D:10     | Noticed a two-headed ogre
  9574 | D:10     | Found a transporter.
  9606 | D:10     | Found a transporter.
  9721 | D:10     | Quit the game

Illustrated notes

Levels and vault maps discovered:
D:1:      ncdulo_watergridlock, layout_loops_cross, st_stairs_9
D:2:      minmay_angry_zag, layout_loops_ring,
          shapermc_ecumenical_altar_totnotflames, basic_altar, serial_shops,
          shop
D:3:      layout_loops_ring, serial_bayou_lagoon_a, glass_columns_a,
          kennysheep_nondescript, nicolae_half_adder
D:4:      layout_rooms, kennysheep_mini_moat, minmay_temple_entry_offerings,
          chequers_serial_rivers_micro_a
D:5:      layout_loops_ring, nicolae_ru_sacrificial_ziggurat,
          ebering_ghost_sewer_d
D:6:      layout_gridville, amcnicky_altar_gilded, yredelemnul_altar_generic,
          uniq_menkaure
D:7:      layout_cave_pools
D:8:      layout_basic, grunt_temple_overflow_growth_and_decay, enter_ossuary_1
D:9:      layout_stronghold, nzn_hepliaklqana_mist_gate,
          nicolae_uskayaw_dance_studio, david_orc_2, kennysheep_generic_room_9
D:10:     layout_loops_cross, nzn_wu_jian_contemplation, nzn_ghost_randoct,
          serial_co_window_serial, co_window_paths_b, co_window_corner_a,
          co_window_cross_1, co_window_of_opportunity_a,
          co_window_of_opportunity_a, co_window_corner_ca, co_window_broadway_b,
          co_window_of_opportunity_b, co_window_corner_ca, co_window_corner_b,
          co_window_of_opportunity_b, glass_columns_c, glass_columns_b,
          glass_columns_a, st_stairs_10

Skill      XL: |  1  2  3  4  5  6  7  8  9 10 11 |
---------------+----------------------------------+-----
Axes           | 3 4 5 6 8 9 11 14 17 18 | 18.5
Fighting       | 6 7 |  7.6
Dodging        | 3 4 |  4.3
Armour         | 5 6 |  6.9
Shields        | |  3.2

Action                     |  1- 3 |  4- 6 |  7- 9 | 10-12 || total
---------------------------+-------+-------+-------+-------++-------
  Melee: War axe           |    92 |   163 |   318 |   159 ||   732
 Invoke: Recall Undead Har |       |     2 |     1 |       ||     3
         Dark Bargain      |       |       |       |     1 ||     1
  Evoke: Wand              |       |       |       |     5 ||     5
    Use: Potion            |       |     1 |     6 |     8 ||    15
         Scroll            |       |       |    14 |     3 ||    17
   Stab: Distracted        |     1 |       |       |     1 ||     2
 Armour: Scale mail        |    53 |   145 |   136 |    44 ||   378
         Plate armour      |       |       |       |   114 ||   114
  Dodge: Dodged            |    40 |    75 |   123 |   109 ||   347
  Block: Buckler           |    15 |    52 |    35 |    20 ||   122

Table legend: (Time is in decaauts)
 A = Elapsed time spent in this place.
 B = Non-inter-level travel time spent in this place.
 C = Inter-level travel time spent in this place.
 D = Time resting spent in this place.
 E = Time spent auto-exploring this place.
 F = Levels seen in this place.
 G = Mean time per level.
                   A        B        C        D        E       F      G
               +--------+--------+--------+--------+--------+-----+--------+
         Total |   9712 |   9383 |    329 |   1052 |   6655 |  11 |  882.9 |
       Dungeon |   9490 |   9161 |    329 |   1052 |   6553 |  10 |  949.0 |
       Ossuary |    221 |    221 |      0 |      0 |    102 |   1 |  221.0 |
               +--------+--------+--------+--------+--------+-----+--------+

Top non-repeatable levels by time:
     D:5: 1456 daAuts
     D:9: 1201 daAuts
    D:10: 1115 daAuts
     D:8: 1002 daAuts
     D:3: 961 daAuts
     D:2: 915 daAuts
     D:7: 821 daAuts
     D:1: 797 daAuts
     D:4: 636 daAuts
     D:6: 583 daAuts
 Ossuary: 221 daAuts
